 Dungeon Crawl Stone Soup version 0.28.0-43-g3370ac3207 (webtiles) character file.

Game seed: 3148995336364726394

62 smarlow the Magician (level 4, -2/31 HPs)
             Began as a Djinni Conjurer on Mar 9, 2022.
             Killed from afar by an orc wizard (6 damage)
             ... with a magic dart
             ... on level 3 of the Dungeon.
             The game lasted 00:01:32 (2797 turns).

smarlow the Magician (Djinni Conjurer)              Turns: 2797, Time: 00:01:32

Health: -2/31      AC:  2    Str:  6    XL:     4   Next: 28%
Gold:   109        EV: 12    Int: 22    God:
                   SH:  0    Dex: 11

rFire   + + .      SeeInvis .   (no weapon)
rCold   x . .      Faith    .   (no shield)
rNeg    . . .      Spirit   .   a - +0 robe
rPois   ∞          Reflect  .   (no helmet)
rElec   .          Harm     .   (no cloak)
rCorr   .          Rampage  .   (no gloves)
Will    .....                   (boots unavailable)
Stlth   ++........              (no amulet)
HPRegen 0.10/turn               (no ring)
MPRegen 0.00/turn               (no ring)

@: flying
A: sickness immunity, fire resistance 2, cold vulnerability 1, float, innate
caster, HP casting, extra vitality 1
a: no special abilities


You were on level 3 of the Dungeon.
You visited 1 branch of the dungeon, and saw 3 of its levels.

You collected 109 gold pieces.

Inventory:

Armour
 a - a +0 robe (worn)
Scrolls
 d - a scroll of acquirement {unknown}
 e - a scroll of vulnerability {unknown}
 f - 2 scrolls of identify {unknown}
 h - a scroll of brand weapon {unknown}
 j - a scroll of holy word {unknown}
Potions
 b - a potion of degeneration {unknown}
 c - a potion of flight {unknown}
 g - 2 potions of cancellation {unknown}
 i - a potion of might {unknown}


   Skills:
 - Level 2.1 Dodging
 - Level 1.5 Stealth
 + Level 4.4 Spellcasting


You couldn't memorise any spells.
You knew the following spells:

 Your Spells              Type           Power      Damage    Failure   Level
a - Magic Dart            Conj           96%        1d7       1%          1
b - Searing Ray           Conj           48%        2d6       2%          2
c - Dazzling Flash        Conj/Hex       48%        N/A       5%          3
d - Fulminant Prism       Conj/Hex       12%        3d9       17%         4
e - Iskenderun's Mystic   Conj/Tloc      24%        2d7       17%         4
f - Foxfire               Conj/Fire      96%        2x1d8     1%          1
Your spell library was empty.

Dungeon Overview and Level Annotations

Branches:
Dungeon (3/15)

Altars:


Innate Abilities, Weirdness & Mutations

You are immune to sickness and miasma.
You are immune to poison.
Your flesh is very heat resistant. (rF++)
You are vulnerable to cold. (rC-)
You float through the air rather than walking.
You learn spells naturally, not from books.
Your magical power is your life essence.
You have superior vitality. (+4 MHP)


Message History

A magic dart appears from out of thin air!
The magic dart hits you!
* * * LOW HITPOINT WARNING * * *
You don't have enough health to cast this spell.
You don't have enough health to cast this spell.
Okay, then.
Okay, then.
Okay, then.
You hear some strange, mumbled words.
Something tries to affect you, but you resist.
A puff of flame appears from out of thin air!
The puff of flame misses you.
You are confused.
You bump into the rock wall.
An orc wizard appears from thin air!
Reactivating autopickup.
You bump into the rock wall.
You bump into the rock wall.
You bump into the rock wall.
You hit the orc wizard but do no damage.
You feel less confused.
The orc wizard gestures wildly while chanting.
The orc wizard flickers and vanishes!
Deactivating autopickup; reactivate with Ctrl-A.
You hear some strange, mumbled words.
You are confused.
You bump into the rock wall.
You closely miss something. Something hits you but does no damage.
You bump into the rock wall.
Something hits you.
* * * LOW HITPOINT WARNING * * *
You bump into the rock wall.
You feel less confused. Something hits you.
* * * LOW HITPOINT WARNING * * *
Something hits you but does no damage.
You hear some strange, mumbled words.
Something tries to affect you, but you resist.
A magic dart appears from out of thin air!
The magic dart hits you.
You die...

#####################
#...@..{.............
#######.###################
..............######
#######.########...# ##.###
#.>.# #....# #...#
#....#######'######
#....##...#...#...#
#.#....##.>†'.⌠.'.>.#


There were no monsters in sight!

Vanquished Creatures
  2 worms (D:2)
  2 dart slugs
  4 orcs (D:3)
  6 ball pythons
  3 endoplasms
  A giant cockroach (D:2)
  7 goblins
  2 hobgoblins
  6 kobolds
  3 quokkas (D:1)
  5 bats
  A frilled lizard (D:1)
  3 rats
45 creatures vanquished.

Notes
Turn   | Place    | Note
-------+----------+-------------------------------------------
     0 | D:1      | smarlow the Djinni Conjurer began the quest for the Orb.
     0 | D:1      | Reached XP level 1. HP: 15/15 MP: 0/0
    57 | D:1      | Reached XP level 2. HP: 8/21 MP: 0/0
   602 | D:1      | Reached XP level 3. HP: 23/25 MP: 0/0
   602 | D:1      | Learned a level 1 spell: Foxfire
   924 | D:1      | Reached skill level 4 in Spellcasting
  2156 | D:2      | Reached XP level 4. HP: 23/31 MP: 0/0
  2746 | D:3      | HP: 1/31 [something/magic dart (7)]
  2797 | D:3      | Killed from afar by an orc wizard

Illustrated notes

Levels and vault maps discovered:
D:1:      onia_arrival_mini_spirals, layout_loops_corners,
          minmay_misc_feat_four_crosses, minmay_misc_feat_rows,
          minmay_pentomino_p4
D:2:      layout_basic, minmay_misc_feat_doors
D:3:      layout_basic, nicolae_elevator_lobby_plus, uniq_natasha

Skill      XL: |  1  2  3 |
---------------+----------+-----
Spellcasting   | 4 |  4.4
Dodging        | |  2.1
Stealth        | |  1.5

Action                   |  1- 3 |  4- 6 || total
-------------------------+-------+-------++-------
Melee: Unarmed           |       |     2 ||     2
 Cast: Magic Dart        |    77 |    23 ||   100
Armor: Robe              |       |     2 ||     2
Dodge: Dodged            |     3 |     5 ||     8
